Map: Inside and Out

Players

PattyMac

  • Race: Protoss Protoss
  • Spawn Location: 7:00

Scarlett - Winner!

  • Race: Zerg Zerg
  • Spawn Location: 1:00

Event: HomeStory Cup XXII

VOD

Have the link to the VOD?

Description

Time

  • Played on: Dec. 16, 2022, 12:36 p.m.
  • Length: 14:46

All games in this series

Show
View Real Time Build Order
Export as new Build Order

PattyMac Protoss 

Build Orders: 1 Gate Expand, Mass Adepts 

Get SALT Encoding   

  12  0:00  Probe  
  13  0:12  Probe  
  14  0:18  Pylon  
  14  0:24  Probe (Chrono Boost)  
  15  0:37  Probe (Chrono Boost)  
  15  0:40  Gateway  
  16  0:45  Probe (Chrono Boost)  
  16  0:49  Assimilator  
  17  0:52  Probe  
  19  1:04  Probe  
  19  1:16  Probe  
  20  1:27  Nexus  
  20  1:35  Cybernetics Core  
  20  1:40  Probe  
  20  1:45  Assimilator  
  21  1:52  Probe  
  21  1:54  Pylon  
  22  2:04  Probe (Chrono Boost)  
  23  2:09  Adept (Chrono Boost), Warp Gate (Chrono Boost)  
  26  2:16  Probe (Chrono Boost)  
  26  2:23  Probe (Chrono Boost), Gateway  
  27  2:32  Stalker (Chrono Boost)  
  27  2:35  Probe  
  30  2:38  Probe  
  31  2:47  Probe  
  31  2:50  Probe  
  33  2:59  Probe  
  33  3:02  Adept, Probe  
  33  3:05  Gateway  
  37  3:11  Probe  
  37  3:12  Adept  
  40  3:14  Probe, Pylon  
  41  3:20  Twilight Council  
  41  3:23  Probe  
  41  3:27  Probe  
  43  3:36  Probe  
  43  3:39  Probe  
  45  3:47  Pylon  
  45  3:48  Probe  
  46  3:50  Adept x2  
  46  3:51  Probe  
  51  3:57  Nexus  
  51  3:58  Resonating Glaives (Chrono Boost)  
  51  3:59  Adept  
  53  4:05  Probe x2  
  55  4:13  Assimilator  
  55  4:14  Adept  
  55  4:15  Assimilator  
  57  4:17  Probe  
  57  4:18  Pylon  
  57  4:20  Probe  
  59  4:29  Probe  
  59  4:31  Adept, Pylon  
  62  4:36  Probe  
  63  4:41  Adept x2  
  65  4:48  Probe x2  
  63  4:55  Adept, Stargate  
  63  4:57  Stargate  
  65  5:00  Probe x2  
  65  5:01  Adept  
  65  5:02  Adept  
  71  5:11  Shield Battery  
  71  5:12  Probe (Chrono Boost)  
  71  5:14  Probe (Chrono Boost)  
  74  5:15  Adept  
  74  5:18  Probe (Chrono Boost)  
  77  5:21  Dark Shrine, Probe (Chrono Boost)  
  77  5:24  Probe (Chrono Boost)  
  77  5:25  Probe (Chrono Boost)  
  77  5:26  Adept, Probe (Chrono Boost)  
  81  5:29  Adept  
  81  5:33  Probe  
  81  5:34  Assimilator  
  85  5:36  Probe  
  85  5:38  Probe  
  85  5:39  Assimilator  
  87  5:43  Phoenix (Chrono Boost)  
  87  5:45  Phoenix (Chrono Boost)  
  85  6:05  Probe x2  
  85  6:07  Probe  
  85  6:08  Adept, Phoenix (Chrono Boost)  
  85  6:10  Phoenix (Chrono Boost)  
  90  6:17  Adept  
  90  6:18  Probe x2  
  86  6:25  Gateway, Pylon  
  82  6:28  Gateway  
  82  6:29  Forge  
  82  6:30  Gateway  
  82  6:31  Phoenix (Chrono Boost)  
  82  6:32  Probe  
  83  6:33  Blink (Chrono Boost)  
  83  6:35  Phoenix (Chrono Boost)  
  83  6:39  Probe  
  84  6:46  Phoenix (Chrono Boost), Gateway  
  84  6:47  Gateway  
  84  6:49  Pylon  
  84  6:50  Dark Templar, Probe  
  89  7:03  Robotics Facility  
  89  7:06  Phoenix  
  91  7:14  Nexus, Pylon  
  89  7:16  Dark Templar  
  89  7:19  Dark Templar  
  93  7:25  Phoenix  
  95  7:33  Assimilator  
  95  7:35  Assimilator  
  95  7:36  Probe  
  96  7:37  Probe  
  96  7:38  Pylon  
  96  7:40  Protoss Ground Weapons Level 1 (Chrono Boost), Pylon  
  96  7:43  Shield Battery  
  95  7:44  Stalker x3  
  95  7:49  Probe x2  
  95  7:51  Dark Templar  
  105  7:57  Stalker  
  106  7:58  Probe  
  106  8:03  Robotics Bay  
  106  8:05  Probe, Pylon  
  107  8:09  Photon Cannon  
  107  8:12  Gateway  
  107  8:13  Gateway  
  107  8:18  Gateway  
  107  8:19  Gateway  
  107  8:21  Photon Cannon  
  107  8:22  Probe  
  108  8:27  Dark Templar  
  108  8:28  Dark Templar  
  108  8:30  Observer (Chrono Boost)  
  108  8:32  Archon x2  
  113  8:35  Stalker x3  
  113  8:36  Stalker  
  113  8:37  Probe  
  122  8:42  Pylon  
  122  8:48  Stalker x2  
  122  8:50  Pylon  
  122  8:52  Disruptor (Chrono Boost)  
  129  9:03  Pylon  
  129  9:13  Stalker x2  
  129  9:14  Stalker x5  
  143  9:22  Disruptor (Chrono Boost)  
  144  9:27  Probe x2  
  146  9:34  Fleet Beacon  
  146  9:45  Stalker  
  148  9:46  Protoss Air Weapons Level 1 (Chrono Boost), Stalker x2  
  148  9:49  Zealot x2  
  148  9:50  Nexus  
  148  9:51  Pylon  
  136  10:11  Stalker x6  
  136  10:12  Stalker x3  
  154  10:16  Disruptor (Chrono Boost)  
  142  10:29  Stalker x3  
  146  10:37  Carrier (Chrono Boost), Pylon  
  146  10:40  Zealot x2  
  156  10:44  Zealot x2  
  156  10:49  Disruptor (Chrono Boost)  
  159  10:53  Zealot x4  
  156  11:11  Protoss Ground Weapons Level 2 (Chrono Boost)  
  141  11:14  Charge (Chrono Boost)  
  141  11:17  Carrier (Chrono Boost)  
  123  11:22  Zealot x8  
  141  11:34  Templar Archives  
  141  11:36  Carrier (Chrono Boost)  
  145  11:44  Dark Templar x3  
  145  11:45  Dark Templar  
  145  11:46  Probe x3  
  156  11:49  Archon  
  156  11:50  Archon, Dark Templar  
  156  11:52  Dark Templar  
  160  11:57  Archon  
  160  11:59  Dark Templar  
  162  12:07  Zealot  
  164  12:10  Zealot  
  164  12:15  Assimilator  
  166  12:18  Carrier (Chrono Boost)  
  166  12:21  Assimilator  
  170  12:26  Stalker x3  
  174  12:34  Stalker x2  
  176  12:37  Shield Battery  
  176  12:39  Carrier (Chrono Boost)  
  182  12:48  Dark Templar  
  182  12:50  Psionic Storm  
  184  12:53  Photon Cannon  
  184  12:54  Shield Battery  
  184  12:56  Shield Battery  
  184  12:59  Photon Cannon  
  184  13:09  Observer (Chrono Boost)  
  185  13:13  Stalker x4  
  183  13:22  Zealot x4  
  183  13:26  Zealot x2  
  159  13:30  Stalker  
  117  13:36  Zealot  
  117  13:37  Zealot x2  
  117  13:39  Zealot  
  114  13:44  Zealot x3  
  109  13:51  Disruptor, High Templar x2  
  109  13:52  High Templar  
  116  13:56  Archon  
  116  13:57  High Templar  
  116  14:02  High Templar x4  
  115  14:12  Zealot x3  
  120  14:24  Stalker  
  120  14:25  Zealot x2  
Show
View Real Time Build Order
Export as new Build Order

Scarlett Zerg - Winner!

Build Orders: Hatch First 

Get SALT Encoding   

  12  0:00  Drone  
  13  0:09  Drone  
  14  0:14  Drone, Extractor  
  15  0:21  Overlord  
  15  0:42  Drone x2  
  17  0:52  Hatchery  
  17  0:54  Drone  
  18  0:57  Drone  
  18  1:08  Extractor  
  17  1:12  Spawning Pool  
  17  1:15  Drone  
  17  1:18  Drone  
  18  1:26  Drone  
  19  1:38  Drone  
  20  1:48  Overlord  
  20  2:02  Queen  
  20  2:04  Queen, Drone  
  20  2:05  Zergling x2  
  26  2:10  Metabolic Boost, Drone  
  26  2:14  Drone  
  28  2:22  Zergling x2  
  29  2:30  Hatchery  
  29  2:33  Drone  
  29  2:36  Drone  
  30  2:43  Queen  
  32  2:47  Overlord  
  32  2:51  Drone  
  33  2:59  Drone x2  
  33  3:00  Drone  
  33  3:04  Queen  
  38  3:06  Overlord  
  38  3:12  Drone x2  
  40  3:14  Drone  
  40  3:15  Drone  
  40  3:17  Drone  
  43  3:21  Overlord  
  43  3:23  Drone  
  44  3:30  Zergling x4  
  44  3:33  Queen  
  48  3:35  Drone  
  48  3:40  Zergling x2  
  49  3:43  Zergling x4  
  49  3:47  Queen  
  53  3:50  Zergling x6  
  53  3:53  Zergling x4  
  58  3:57  Zergling x4  
  58  4:01  Overlord  
  60  4:05  Drone x3  
  60  4:09  Overlord  
  63  4:13  Zergling x2  
  63  4:18  Drone x3  
  63  4:21  Drone  
  63  4:22  Baneling Nest  
  66  4:26  Drone x4  
  69  4:40  Drone x5  
  73  4:48  Zergling x6  
  73  4:51  Zergling x6  
  78  4:55  Overlord x2  
  78  4:56  Zergling x6  
  81  5:00  Lair  
  81  5:03  Extractor  
  81  5:05  Baneling x4, Evolution Chamber  
  81  5:06  Zergling x4, Baneling  
  81  5:10  Baneling  
  81  5:14  Drone x3  
  82  5:15  Drone  
  82  5:16  Drone  
  82  5:17  Drone  
  82  5:20  Drone  
  88  5:22  Zergling x6, Baneling  
  88  5:27  Zergling x2  
  88  5:28  Zergling x10  
  94  5:39  Hatchery, Overlord  
  93  5:43  Drone x4  
  93  5:47  Extractor  
  93  5:49  Drone x2  
  93  5:58  Drone  
  93  5:59  Baneling x6, Drone x9  
  99  6:08  Drone  
  99  6:09  Drone x2  
  99  6:12  Extractor  
  99  6:16  Drone  
  95  6:20  Drone x2  
  95  6:23  Overseer  
  95  6:24  Queen x3  
  95  6:25  Drone x4  
  103  6:34  Zerg Melee Weapons Level 1  
  103  6:38  Overlord  
  103  6:39  Overlord  
  103  6:40  Drone x2  
  103  6:45  Overlord x2  
  105  6:50  Infestation Pit  
  105  6:51  Spore Crawler  
  105  6:52  Spore Crawler, Extractor  
  105  6:54  Spore Crawler  
  100  6:55  Spore Crawler  
  100  6:58  Spore Crawler  
  100  6:59  Queen x2  
  100  7:01  Spore Crawler  
  101  7:07  Spore Crawler  
  100  7:10  Drone x13  
  113  7:18  Spore Crawler  
  113  7:19  Drone  
  113  7:20  Hydralisk Den, Drone x2  
  114  7:24  Spore Crawler  
  113  7:30  Overseer, Pneumatized Carapace  
  113  7:32  Drone x7  
  113  7:35  Extractor  
  113  7:36  Drone x4  
  118  7:47  Drone x5  
  118  7:48  Drone x2  
  118  7:50  Hive  
  124  7:54  Drone x4  
  126  7:58  Muscular Augments  
  126  7:59  Drone  
  126  8:00  Drone x2, Evolution Chamber  
  126  8:02  Hydralisk  
  130  8:06  Hydralisk  
  130  8:08  Overlord x3  
  131  8:15  Hydralisk x3  
  135  8:20  Extractor x2  
  135  8:22  Overlord x4  
  135  8:24  Hydralisk  
  135  8:29  Hydralisk x3  
  135  8:32  Hatchery  
  135  8:33  Zerg Melee Weapons Level 2, Zerg Missile Weapons Level 1  
  140  8:35  Hydralisk  
  140  8:41  Hydralisk x4  
  142  8:47  Hydralisk x2  
  153  8:54  Zergling x20  
  153  8:55  Centrifugal Hooks  
  163  9:00  Zergling x6  
  165  9:08  Zergling x10  
  170  9:17  Adrenal Glands  
  170  9:19  Grooved Spines, Hydralisk x4  
  177  9:26  Hydralisk  
  177  9:27  Hydralisk x2  
  177  9:28  Overlord  
  177  9:30  Overlord x2  
  180  9:33  Hydralisk x3  
  180  9:36  Zergling x8  
  190  9:38  Baneling  
  190  9:39  Baneling x3  
  190  9:40  Zergling x4  
  190  9:44  Zergling x12  
  190  9:45  Overlord  
  194  9:58  Overlord x2  
  175  10:03  Hydralisk  
  175  10:04  Hydralisk x8  
  175  10:05  Zergling x2  
  175  10:06  Zergling x6  
  197  10:08  Spore Crawler  
  197  10:11  Zergling x8  
  194  10:26  Zergling x20  
  171  10:31  Hydralisk x6  
  171  10:34  Zerg Missile Weapons Level 2  
  171  10:35  Hydralisk  
  163  10:38  Baneling x4  
  163  10:40  Baneling x8  
  163  10:42  Zergling x12  
  171  10:53  Zergling x16  
  170  11:00  Zergling x10  
  170  11:04  Zergling x2, Hydralisk x3  
  155  11:08  Zergling x12  
  160  11:16  Hydralisk x7  
  160  11:17  Zergling x2  
  157  11:21  Zergling x4  
  157  11:22  Zerg Melee Weapons Level 3  
  156  11:26  Zergling x8  
  156  11:31  Viper x2  
  162  11:36  Hatchery  
  161  11:43  Zergling x22  
  170  11:53  Drone  
  172  11:54  Zergling x18  
  180  12:02  Zergling x16  
  188  12:10  Zergling x14  
  188  12:13  Baneling x9  
  195  12:17  Zergling x6  
  195  12:18  Zergling x4  
  197  12:25  Drone x2  
  197  12:26  Drone x5  
  197  12:28  Spine Crawler  
  196  12:43  Drone x2  
  198  12:45  Zergling x2  
  198  12:51  Zerg Ground Armor Level 1  
  199  12:54  Overseer x4, Spine Crawler  
  199  12:56  Baneling x10  
  198  13:09  Zergling x2  
  179  13:20  Hydralisk x13  
  179  13:21  Zergling x2  
  179  13:23  Zergling x4  
  179  13:24  Zergling x8  
  189  13:29  Hydralisk x10  
  191  13:37  Zergling x10  
  184  13:47  Zergling x12  
  182  13:52  Hydralisk  
  182  13:53  Hydralisk x3  
  188  13:57  Hydralisk x2  
  191  14:07  Hydralisk x4  
  199  14:15  Baneling x2  
  199  14:16  Baneling x13  
  197  14:26  Zergling x6  
Tags
 
Add a new tag
Caveats
  • Supply blocks, unpowered buildings, or Contaminate may cause inaccurate times.
  • Supply counts are checked every 10 seconds.